 Dungeon Crawl Stone Soup version 0.29.0-4-gdea44cf6ec (webtiles) character file.

Game seed: 14179149348733154013

148 qw the Chopper (level 5, -8/30 HPs)
             Began as a Tengu Warper on Aug 28, 2022.
             Killed by divine providence
             ... invoked by an orc priest
              (15 damage)
             ... on level 3 of the Dungeon.
             The game lasted 00:00:13 (2817 turns).

qw the Chopper (Tengu Warper)                       Turns: 2817, Time: 00:00:13

Health: -8/30      AC: 15    Str: 14    XL:     5   Next: 30%
Magic:  9/9        EV: 15    Int: 13    God:
Gold:   127        SH:  0    Dex: 13    Spells: 8/8 levels left

rFire   . . .      SeeInvis .   Y - +0 hand axe (protect)
rCold   . . .      Faith    .   (no shield)
rNeg    . . .      Spirit   .   o - +0 scale mail
rPois   .          Reflect  .   (helmet restricted)
rElec   .          Harm     .   h - +1 cloak
rCorr   .          Rampage  .   (no gloves)
Will    .....                   (boots unavailable)
Stlth   ..........              (no amulet)
HPRegen 0.10/turn               l - +4 ring of evasion
MPRegen 0.11/turn               (no ring)

@: under a protective aura, flying quickly and evasively, quick
A: beak, talons 3, nimble flight
a: no special abilities


You were on level 3 of the Dungeon.
You visited 1 branch of the dungeon, and saw 3 of its levels.

You collected 127 gold pieces.


Innate Abilities, Weirdness & Mutations

You have a beak for a mouth.
You have claws for feet.
Your magical nature lets you fly swiftly and evasively.


   Skills:
 - Level 2.0 Fighting
 + Level 5.9 Axes
 - Level 1.0 Throwing
 - Level 1.1 Armour
 - Level 2.1 Dodging
 - Level 2.0 Spellcasting
 - Level 2.4 Translocations


You had 8 spell levels left.
You didn't know any spells.
Your spell library contained the following spells:

 Spells                   Type           Power      Damage    Failure   Level
 Blink                    Tloc           14%        N/A       54%         2
 Gell's Gravitas          Tloc           7%         N/A       77%         3
 Lesser Beckoning         Tloc           7%         N/A       77%         3
 Teleport Other           Tloc           7%         N/A       77%         3
 Manifold Assault         Tloc           7%         N/A       100%        5

Inventory:

Hand Weapons
 e - a +0 flail
 Y - a +0 hand axe of protection (weapon)
Missiles
 m - 3 boomerangs (quivered)
Armour
 h - a +1 cloak (worn)
 o - a +0 scale mail (worn)
Jewellery
 l - a +4 ring of evasion (left hand)
Scrolls
 c - a scroll of summoning {unknown}
 k - a scroll of identify
Potions
 a - a potion of invisibility {unknown}
 b - a potion of magic {unknown}
 d - a potion of attraction {unknown}
 f - a potion of flight {unknown}
 g - a potion of curing {unknown}
 i - a potion of mutation {unknown}
 j - a potion of might {unknown}

Dungeon Overview and Level Annotations

Branches:
Dungeon (3/15)

Altars:
Wu Jian


Message History

You feel drained.
You hit the orc priest. You claw the orc priest.
You kill the orc priest!
Your life force feels restored.
You start resting.
HP restored.
Found a stone staircase leading up.
Things that are here:
a +0 dagger of draining; an orc corpse
Enter note:
Enter note: An orc and 2 orc priests come into view.
The orc priest shouts! x2
2812 ||| Stepping ~*~*~tactically~*~*~ (hiding).
You start waiting.
An orc priest is nearby!
The orc priest closely misses you.
An orc comes into view. It is wielding a +0 dagger.
You hit the orc priest.
Your weapon exudes an aura of protection.
You claw the orc priest, but do no damage.
Your peck misses the orc priest.
You punch the orc priest, but do no damage.
The orc priest is moderately wounded.
The orc priest mumbles some strange prayers to Beogh against you.
You barely resist.
The orc priest calls down the wrath of Beogh upon you.
Beogh smites you!
You closely miss the orc priest.
The orc priest is moderately wounded.
The orc priest calls down the wrath of Beogh upon you.
Beogh smites you!
You closely miss the orc priest.
You claw the orc priest, but do no damage.
The orc priest is moderately wounded.
The orc priest hits you but does no damage.
The orc priest invokes the aid of Beogh against you.
Beogh smites you!
Ouch! That really hurt!
You die...

#..... #. ... ### #
..... .. #. #...#..
##.##.#.#. #.ooo....
# #....#
.##..#o##.####.#
^......@.).....#
.##<#####.###### ##
#.####...# ###.
#........# #...
######...# #.## #...#
#.# #...# ######.##
#...# #........
#####...#####.###...#


You could see 2 orc priests and an orc.

Vanquished Creatures
  An orc priest (D:3)
  Ijyb (D:3)
  2 adders (D:2)
  A worm (D:2)
  4 dart slugs
  5 orcs (D:3)
  3 bats
  4 endoplasms
  2 giant cockroaches
  4 goblins
  4 hobgoblins
  8 jackals
  A quokka (D:1)
  2 ball pythons
  7 frilled lizards
  2 kobolds (D:1)
  6 rats
57 creatures vanquished.

Notes
Turn   | Place    | Note
-------+----------+-------------------------------------------
     0 | D:1      | qw the Tengu Warper began the quest for the Orb.
     0 | D:1      | Reached XP level 1. HP: 12/12 MP: 4/4
     0 | D:1      | 0 ||| qw: Version: 0.1-a-89-g26bdef1
     0 | D:1      | 0 ||| qw: Game counter: 2360
     0 | D:1      | 0 ||| qw: Always use a shield: true
     0 | D:1      | 0 ||| qw: God list: Okawaru
     0 | D:1      | 0 ||| qw: Allow faded altars: false
     0 | D:1      | 0 ||| qw: Do Orc after D:15 true
     0 | D:1      | 0 ||| qw: Do second Lair branch before Depths: true
     0 | D:1      | 0 ||| qw: Lair rune preference: random
     0 | D:1      | 0 ||| qw: Plans: Normal
     0 | D:1      | 0 ||| PLANNING D:1-11
   207 | D:1      | Reached skill level 3 in Axes
   207 | D:1      | Reached XP level 2. HP: 16/17 MP: 6/6
   337 | D:1      | 337 ||| Stepping ~*~*~tactically~*~*~ (stealth).
   339 | D:1      | 339 ||| Stepping ~*~*~tactically~*~*~ (stealth).
   490 | D:1      | Reached XP level 3. HP: 14/21 MP: 7/7
   632 | D:1      | 632 ||| Stepping ~*~*~tactically~*~*~ (stealth).
   640 | D:1      | 640 ||| Stepping ~*~*~tactically~*~*~ (stealth).
   894 | D:1      | 894 ||| UPGRADING to +0 ring mail.
   904 | D:1      | 904 ||| DROPPING +0 leather armour.
   905 | D:1      | 905 ||| UPGRADING to +0 scale mail.
   915 | D:1      | 915 ||| DROPPING +0 ring mail.
   916 | D:1      | 916 ||| UPGRADING to +4 ring of evasion.
   917 | D:1      | 917 ||| READING scroll labelled ZEFUWN AGGEM.
   918 | D:1      | 918 ||| READING scroll labelled WIRETE POMIWA.
  1043 | D:1      | 1043 ||| READING scroll labelled FULAIS HUQOMA.
  1046 | D:1      | 1046 ||| READING scroll labelled NYEXOXANEST.
  1047 | D:1      | 1047 ||| READING 2 scrolls labelled YRASIA GIZXE.
  1048 | D:1      | 1048 ||| DROPPING scroll of blinking.
  1069 | D:2      | 1069 ||| STAIRDANCE
  1074 | D:1      | Reached skill level 4 in Axes
  1094 | D:2      | 1094 ||| Stepping ~*~*~tactically~*~*~ (hiding).
  1473 | D:2      | Reached XP level 4. HP: 26/26 MP: 8/8
  1567 | D:2      | Found an ornate altar of the Wu Jian Council.
  1947 | D:2      | Found a faded altar of an unknown god.
  2058 | D:2      | 2058 ||| UPGRADING to +1 cloak.
  2063 | D:2      | 2063 ||| READING scroll labelled KIXUHIL RIEFOIREE.
  2064 | D:2      | 2064 ||| READING 3 scrolls labelled ZIMAFE EVOATS.
  2065 | D:2      | 2065 ||| DROPPING 2 scrolls of poison.
  2066 | D:2      | 2066 ||| Stepping randomly (stuck).
  2067 | D:2      | 2067 ||| Stepping ~*~*~tactically~*~*~ (cloud).
  2367 | D:3      | Noticed Ijyb
  2377 | D:3      | Paralysed by Ijyb for 4 turns
  2384 | D:3      | Killed Ijyb
  2385 | D:3      | Reached skill level 5 in Axes
  2545 | D:3      | 2545 ||| Stepping ~*~*~tactically~*~*~ (stealth).
  2558 | D:3      | Gained mutation: Your magical nature lets you fly swiftly
                  | and evasively. [Tengu growth]
  2558 | D:3      | Reached XP level 5. HP: 28/30 MP: 9/9
  2683 | D:3      | 2683 ||| Stepping ~*~*~tactically~*~*~ (hiding).
  2812 | D:3      | 2812 ||| Stepping ~*~*~tactically~*~*~ (hiding).
  2816 | D:3      | HP: 7/30 [orc priest/divine providence (10)]
  2817 | D:3      | Killed from afar by an orc priest

Levels and vault maps discovered:
D:1:      dpeg_arrival_stonehenge_8_columns, layout_loops_ring
D:2:      layout_loops_corners, dilly_ecumenical_altar_fadedgnrine, basic_altar
D:3:      minmay_angry_zag, layout_loops_cross, nicolae_figureground_pulse,
          uniq_ijyb

Skill      XL: |  1  2  3  4 |
---------------+-------------+-----
Axes           | 3 4 5 |  5.9
Fighting       | |  2.0
Throwing       | |  1.0
Armour         | |  1.1
Dodging        | |  2.1
Spellcasting   | |  2.0
Translocations | |  2.4

Action                   |  1- 3 |  4- 6 || total
-------------------------+-------+-------++-------
Melee: Hand axe          |    82 |    54 ||   136
       Kick              |    20 |    10 ||    30
       Peck              |    13 |     8 ||    21
       Punch             |       |     2 ||     2
Throw: Boomerang         |    18 |    20 ||    38
  Use: Scroll            |     5 |     2 ||     7
Armor: Leather armour    |    16 |       ||    16
       Scale mail        |     7 |    19 ||    26
Dodge: Dodged            |    46 |    22 ||    68

Table legend:
 A = Non-vault XP
 B = Vault XP
 C = Vault XP percentage of total XP
 D = Non-vault monster count
 E = Vault monster count
 F = Vault count percentage of total count
                 A         B        C        D         E       F
            +---------+---------+-------+---------+---------+-------
      Total |     176 |      36 |  17.0 |      56 |       1 |   1.8
            +---------+---------+-------+---------+---------+-------
        D:1 |      45 |       0 |   0.0 |      24 |       0 |   0.0
        D:2 |      59 |       0 |   0.0 |      19 |       0 |   0.0
        D:3 |      72 |      36 |  33.3 |      13 |       1 |   7.1
            +---------+---------+-------+---------+---------+-------
